Kings vs Avalanche
(R2)
Created - March 28, 2018 at 23:01
Goals
|
Kings |
0 |
0 |
2 |
2 |
Avalanche |
2 |
1 |
0 |
3 |
|
Shots
|
Kings |
16 |
4 |
11 |
31 |
Avalanche |
13 |
13 |
3 |
29 |
|
1st period
1. Avalanche , Corey Perry 26 (Mikkel Boedker 44, Bryan Little 51) at 0:12
2. Avalanche , Dan Boyle 3 (Chris Drury 26) at 14:03
Penalties :
Dan Boyle (Col) for Hooking (Minor) at 2:34, Steve Montador (LAK) for Cross-checking (Minor) at 15:21, Mikkel Boedker (Col) for Delaying the game (Minor) at 15:43
2nd period
3. Avalanche , Bryan Little 31 (Corey Perry 25, Mikkel Boedker 45) at 10:29
Penalties :
Radko Gudas (LAK) for Slashing (Minor) at 3:39, Andrew Ladd (Col) for Hooking (Minor) at 6:12, Anze Kopitar (LAK) for Goalie Interference (Minor) at 6:39, Bryan Little (Col) for Roughing (Minor) at 14:48, Jean-Gabriel Pageau (LAK) for Close Hand On Puck (Minor) at 16:32
3rd period
4. Kings , Simon Gagné 13 (Patrick Eaves 20, Raphael Diaz 12) at 2:27
5. Kings , Patric Hornqvist 39 (Rostislav Olesz 14, Drew Doughty 68) at 12:37
Penalties :
Jean-Gabriel Pageau (LAK) for Hooking (Minor) at 3:20, Anze Kopitar (LAK) for Tripping (Minor) at 15:31
Goalie Stats
Frederik Andersen (LAK), 26 saves from 29 shots - (0.897), L, 17-21-2, 58:54 minutes
Semyon Varlamov (Col), 29 saves from 31 shots - (0.935), W, 35-20-5, 60:00 minutes
Players Stats for Kings
Player Name G A P +/- PIM S H SB GA TA FO MP PP MP PK MP
------------------------------------------------------------------------------------
Anze Kopitar 0 0 0 -1 4 4 1 0 0 0 17/30 20:23 2:28 1:18
Cam Janssen 0 0 0 0 0 0 0 0 0 0 0/0 5:44 0:00 0:00
Dave Tanabe 0 0 0 0 0 1 1 1 0 1 0/0 19:40 2:08 0:59
Drew Doughty 0 1 1 0 0 2 3 0 0 2 0/0 25:56 2:24 4:06
Jean-Gabriel Pageau 0 0 0 0 4 0 2 0 0 1 4/12 17:26 1:40 0:23
Johnny Gaudreau 0 0 0 -1 0 3 0 0 2 0 2/4 21:10 2:51 1:22
Jon Merrill 0 0 0 0 0 0 0 1 0 1 0/0 24:46 0:22 5:26
Michael Frolik 0 0 0 -1 0 6 1 0 2 0 0/1 18:51 1:41 0:19
Michael Haley 0 0 0 0 0 0 2 1 0 0 0/0 7:50 0:00 2:06
Michal Handzus 0 0 0 0 0 0 0 0 0 0 0/0 7:50 0:00 2:06
Patric Hornqvist 1 0 1 0 0 7 2 0 2 1 1/1 20:04 2:51 0:00
Patrick Eaves 0 1 1 0 0 0 0 0 1 0 0/0 7:35 0:00 0:00
Radko Gudas 0 0 0 -1 2 1 0 2 0 0 0/0 13:14 0:00 2:05
Raphael Diaz 0 1 1 -1 0 0 2 0 0 0 0/0 13:05 2:08 0:00
Rostislav Olesz 0 1 1 0 0 2 2 0 1 0 0/0 16:28 1:41 0:00
Scott Gomez 0 0 0 0 0 2 0 0 1 0 3/5 12:22 0:00 4:43
Simon Gagné 1 0 1 0 0 2 1 0 0 0 3/6 12:22 0:00 4:43
Steve Montador 0 0 0 0 2 1 2 1 0 3 0/0 23:14 2:24 4:24
Players Stats for Avalanche
Player Name G A P +/- PIM S H SB GA TA FO MP PP MP PK MP
------------------------------------------------------------------------------------
Alexander Radulov 0 0 0 -1 0 1 0 1 1 0 1/4 14:52 3:53 0:25
Andrei Kostitsyn 0 0 0 0 0 0 2 0 0 1 1/2 17:35 4:10 0:12
Andrew Ladd 0 0 0 -1 2 2 0 0 0 0 3/5 15:21 0:06 2:36
Brandon Yip 0 0 0 0 0 0 1 0 0 1 0/0 12:14 0:00 0:00
Bryan Little 1 1 2 1 2 3 1 1 1 0 9/17 18:21 4:32 0:04
Chris Drury 0 1 1 -1 0 1 1 0 0 0 3/10 12:39 0:00 1:27
Chuck Kobasew 0 0 0 1 0 1 1 0 0 0 1/1 12:23 0:00 3:03
Corey Perry 1 1 2 1 0 3 1 1 0 0 0/1 18:38 4:37 0:04
Dan Boyle 1 0 1 0 2 2 2 1 0 2 0/0 18:11 4:58 0:00
Jack Johnson 0 0 0 1 0 1 1 1 0 0 0/0 22:18 3:49 1:18
Jay Bouwmeester 0 0 0 0 0 2 1 2 2 1 0/0 21:38 4:01 0:22
Johnny Boychuk 0 0 0 0 0 2 0 0 0 0 0/0 14:25 0:57 1:18
Kyle Turris 0 0 0 1 0 1 0 0 0 0 0/1 7:42 0:00 0:00
Marc Staal 0 0 0 1 0 0 2 0 0 1 0/0 20:21 0:21 2:52
Mikkel Boedker 0 2 2 1 2 1 2 1 1 1 0/0 16:58 4:15 0:00
Paul Stastny 0 0 0 0 0 4 2 0 2 1 11/18 15:59 3:56 0:00
Pernell Karl Subban 0 0 0 0 0 2 3 0 2 1 0/0 23:07 2:54 3:14
Ryan Smyth 0 0 0 1 0 3 1 0 0 0 0/0 9:18 0:00 1:13
3 Stars
1 - Corey Perry (Col)
2 - Bryan Little (Col)
3 - Mikkel Boedker (Col)
Power Play
Kings - 0 on 4 Attempt(s) - 0.00%
Avalanche - 0 on 6 Attempt(s) - 0.00%
Penalty Kill
Kings - 6 on 6 Attempt(s) - 100.00%
- Score 0 goal in Penalty Kill
Avalanche - 4 on 4 Attempt(s) - 100.00%
- Score 0 goal in Penalty Kill
Team Stat
Kings - Hits : 19 - Faceoff Wins : 30 - Blocked Shots : 6 - Penalty Minutes : 12
Avalanche - Hits : 21 - Faceoff Wins : 29 - Blocked Shots : 8 - Penalty Minutes : 8
Official
Referees : StPierre Justin and StLaurent Francois
Linesman : Brad Kovachik and Dan Schachte
Game Notes
No Game Note
Finance
Level 1 -- Attendance: 6000 (100.00%) -- Ticket Income $534,000
Level 2 -- Attendance: 4621 (92.42%) -- Ticket Income $254,155
Level 3 -- Attendance: 1967 (98.35%) -- Ticket Income $64,911
Level 4 -- Attendance: 3700 (92.50%) -- Ticket Income $85,100
Luxury Box -- Attendance: 848 (84.80%) -- Ticket Income $145,856
Game was played at the Pepsi Center.
Total Attendance: 17136 (95.20%)
Total Ticket Income: $1,084,022
Other Income: $162,603
Total Income: $1,246,625
Kings
5 vs 5 Forward
Center Left Wing Right Wing Time % Phy DF OF
1 Anze Kopitar Johnny Gaudreau Michael Frolik 40 0 2 3
2 Jean-Gabriel Pageau Rostislav Olesz Patric Hornqvist 40 0 2 3
3 Scott Gomez Simon Gagné Patrick Eaves 15 1 2 2
4 Michal Handzus Michael Haley Cam Janssen 5 3 2 0
5 vs 5 Defense
Defense Defense Time % Phy DF OF
1 Drew Doughty Jon Merrill 40 0 3 2
2 Steve Montador Dave Tanabe 35 1 3 1
3 Raphael Diaz Radko Gudas 25 0 3 2
4 Drew Doughty Jon Merrill 0 1 3 1
PowerPlay Forward
Center Left Wing Right Wing Time % Phy DF OF
1 Anze Kopitar Johnny Gaudreau Patric Hornqvist 60 0 0 5
2 Jean-Gabriel Pageau Rostislav Olesz Michael Frolik 40 0 0 5
PowerPlay Defense
Defense Defense Time % Phy DF OF
1 Steve Montador Drew Doughty 60 0 2 3
2 Dave Tanabe Raphael Diaz 40 0 3 2
Penalty Kill 4 Players Forward
Center Wing Time % Phy DF OF
1 Simon Gagné Scott Gomez 60 1 3 1
2 Michal Handzus Michael Haley 40 1 3 1
Penalty Kill 4 Players Defense
Defense Defense Time % Phy DF OF
1 Jon Merrill Steve Montador 60 1 4 0
2 Drew Doughty Radko Gudas 40 1 4 0
Penalty Kill - 3 Players Forward
Forward Time % Phy DF OF
1 Anze Kopitar 60 1 3 1
2 Michal Handzus 40 1 3 1
Penalty Kill - 3 Players Defense
Defense Defense Time % Phy DF OF
1 Jon Merrill Drew Doughty 60 1 4 0
2 Steve Montador Dave Tanabe 40 1 4 0
4 vs 4 Forward
Center Wing Time % Phy DF OF
1 Anze Kopitar Michael Frolik 60 1 2 2
2 Johnny Gaudreau Patric Hornqvist 40 1 2 2
4 vs 4 Defense
Defense Defense Time % Phy DF OF
1 Drew Doughty Jon Merrill 60 0 3 2
2 Steve Montador Dave Tanabe 40 0 3 2
Last Minutes Offensive
Center Left Wing Right Wing Defense Defense
Anze Kopitar Johnny Gaudreau Patric Hornqvist Drew Doughty Michael Frolik
Last Minutes Defensive
Center Left Wing Right Wing Defense Defense
Anze Kopitar Simon Gagné Michael Frolik Drew Doughty Jon Merrill
Goaltenders
Starting : Frederik Andersen
Backup : Dan Ellis
Extra Forwards
Normal : Anze Kopitar, Johnny Gaudreau, Patric Hornqvist - PP : Scott Gomez, Simon Gagné - PK : Anze Kopitar
Extra Defensemen
Normal : Drew Doughty, Radko Gudas, Steve Montador - PP : Jon Merrill - PK : Drew Doughty, Radko Gudas
Penalty Shots
Anze Kopitar, Michael Frolik, Patric Hornqvist, Simon Gagné, Michal Handzus
Scratches
None
Avalanche
5 vs 5 Forward
Center Left Wing Right Wing Time % Phy DF OF
1 Bryan Little Mikkel Boedker Corey Perry 30 0 2 2
2 Paul Stastny Andrei Kostitsyn Brandon Yip 30 1 2 2
3 Chris Drury Andrew Ladd Alexander Radulov 25 1 2 2
4 Kyle Turris Ryan Smyth Chuck Kobasew 15 1 2 2
5 vs 5 Defense
Defense Defense Time % Phy DF OF
1 Jack Johnson Marc Staal 35 1 2 2
2 Pernell Karl Subban Jay Bouwmeester 35 1 2 2
3 Dan Boyle Johnny Boychuk 30 1 2 2
4 Jack Johnson Marc Staal 0 1 2 2
PowerPlay Forward
Center Left Wing Right Wing Time % Phy DF OF
1 Bryan Little Mikkel Boedker Corey Perry 60 1 2 2
2 Paul Stastny Andrei Kostitsyn Alexander Radulov 40 1 2 2
PowerPlay Defense
Defense Defense Time % Phy DF OF
1 Dan Boyle Jay Bouwmeester 60 1 2 2
2 Pernell Karl Subban Jack Johnson 40 1 2 2
Penalty Kill 4 Players Forward
Center Wing Time % Phy DF OF
1 Andrew Ladd Chuck Kobasew 60 1 2 2
2 Chris Drury Ryan Smyth 40 1 2 2
Penalty Kill 4 Players Defense
Defense Defense Time % Phy DF OF
1 Pernell Karl Subban Marc Staal 60 1 2 2
2 Jack Johnson Johnny Boychuk 40 1 2 2
Penalty Kill - 3 Players Forward
Forward Time % Phy DF OF
1 Chuck Kobasew 60 1 2 2
2 Ryan Smyth 40 1 2 2
Penalty Kill - 3 Players Defense
Defense Defense Time % Phy DF OF
1 Jack Johnson Marc Staal 60 1 2 2
2 Pernell Karl Subban Johnny Boychuk 40 1 2 2
4 vs 4 Forward
Center Wing Time % Phy DF OF
1 Bryan Little Corey Perry 60 1 2 2
2 Mikkel Boedker Andrei Kostitsyn 40 1 2 2
4 vs 4 Defense
Defense Defense Time % Phy DF OF
1 Jack Johnson Marc Staal 60 1 2 2
2 Pernell Karl Subban Jay Bouwmeester 40 1 2 2
Last Minutes Offensive
Center Left Wing Right Wing Defense Defense
Bryan Little Mikkel Boedker Corey Perry Jack Johnson Dan Boyle
Last Minutes Defensive
Center Left Wing Right Wing Defense Defense
Chris Drury Andrew Ladd Chuck Kobasew Jack Johnson Marc Staal
Goaltenders
Starting : Semyon Varlamov
Backup : Hannu Toivonen
Extra Forwards
Normal : Andrei Kostitsyn, Andrew Ladd, Alexander Radulov - PP : Paul Stastny, Andrew Ladd - PK : Alexander Radulov
Extra Defensemen
Normal : Dan Boyle, Johnny Boychuk, Pernell Karl Subban - PP : Dan Boyle - PK : Johnny Boychuk, Pernell Karl Subban
Penalty Shots
Bryan Little, Corey Perry, Mikkel Boedker, Andrei Kostitsyn, Paul Stastny
Scratches
Mike Comrie (Right Hip Injury)
% Time on Ice - Kings
Lines # - Real PCT - Wanted PCT - Time Play
Normal Forward
1 - 33% - 40% - 13:58
2 - 36% - 40% - 15:07
3 - 18% - 15% - 7:35
4 - 14% - 5% - 5:44
Normal Defense
1 - 40% - 40% - 16:54
2 - 36% - 35% - 15:14
3 - 24% - 25% - 10:16
4 - 0% - 0% - 0:00
PP Forward
1 - 55% - 60% - 2:29
2 - 45% - 40% - 2:03
PP Defense
1 - 53% - 60% - 2:24
2 - 47% - 40% - 2:08
PK Forward
1 - 75% - 60% - 6:24
2 - 25% - 40% - 2:06
PK Defense
1 - 65% - 60% - 5:32
2 - 35% - 40% - 2:58
PK3 Forward
1 - 0% - 60%
2 - 0% - 40%
PK3 Defense
1 - 0% - 60%
2 - 0% - 40%
44 Forward
1 - 87% - 60% - 2:58
2 - 13% - 40% - 0:26
44 Defense
1 - 62% - 60% - 2:07
2 - 38% - 40% - 1:17
Last Minute Offensive - 1:10
Last Minute Defensive - 0:00
Total
Forward - 60:00
Defense - 60:00
|
% Time on Ice - Avalanche
Lines # - Real PCT - Wanted PCT - Time Play
Normal Forward
1 - 29% - 30% - 12:15
2 - 29% - 30% - 12:26
3 - 24% - 25% - 10:02
4 - 18% - 15% - 7:42
Normal Defense
1 - 37% - 35% - 15:31
2 - 36% - 35% - 15:11
3 - 28% - 30% - 11:43
4 - 0% - 0% - 0:00
PP Forward
1 - 54% - 60% - 4:37
2 - 46% - 40% - 3:53
PP Defense
1 - 67% - 60% - 5:43
2 - 33% - 40% - 2:47
PK Forward
1 - 73% - 60% - 3:19
2 - 27% - 40% - 1:13
PK Defense
1 - 63% - 60% - 2:52
2 - 37% - 40% - 1:40
PK3 Forward
1 - 0% - 60%
2 - 0% - 40%
PK3 Defense
1 - 0% - 60%
2 - 0% - 40%
44 Forward
1 - 77% - 60% - 2:37
2 - 23% - 40% - 0:47
44 Defense
1 - 63% - 60% - 2:09
2 - 37% - 40% - 1:15
Last Minute Offensive - 0:00
Last Minute Defensive - 1:09
Total
Forward - 60:00
Defense - 60:00
|
Play by Play
1st period
0:01 of 1st period - Bryan Little wins face-off versus Anze Kopitar in neutral zone.
0:12 of 1st period - Snap shot by Corey Perry.
0:12 of 1st period - Goal by Corey Perry - Kings : 0 - Avalanche : 1.
0:13 of 1st period - Jean-Gabriel Pageau wins face-off versus Paul Stastny in neutral zone.
0:34 of 1st period - Steve Montador is hit by Pernell Karl Subban and loses puck.
0:44 of 1st period - Snap shot by Steve Montador.
0:44 of 1st period - Shot Hit the Post.
0:46 of 1st period - Snap shot by Patric Hornqvist.
0:46 of 1st period - Deflect By Rostislav Olesz.
0:46 of 1st period - Shot Misses the Net.
0:46 of 1st period - Puck is out of play.
0:47 of 1st period - Scott Gomez wins face-off versus Alexander Radulov in Avalanche zone.
0:50 of 1st period - Snap shot by Patrick Eaves.
0:50 of 1st period - Shot Misses the Net.
1:02 of 1st period - Wrist shot by Alexander Radulov.
1:02 of 1st period - Stopped by Frederik Andersen with a rebound.
1:14 of 1st period - Kyle Turris is hit by Raphael Diaz and loses puck.
1:44 of 1st period - Slapshot by Bryan Little.
1:44 of 1st period - Shot Misses the Net.
2:02 of 1st period - Snap shot by Patric Hornqvist.
2:02 of 1st period - Shot Misses the Net.
2:34 of 1st period - Minor Penalty to Dan Boyle for Hooking.
2:35 of 1st period - Anze Kopitar wins face-off versus Andrew Ladd in Avalanche zone.
2:42 of 1st period - Wrist shot by Anze Kopitar.
2:42 of 1st period - Shot Misses the Net.
2:48 of 1st period - Slapshot by Patric Hornqvist.
2:48 of 1st period - Stopped by Semyon Varlamov without a rebound.
2:49 of 1st period - Andrew Ladd wins face-off versus Anze Kopitar in Avalanche zone.
3:24 of 1st period - Off-side.
3:25 of 1st period - Chris Drury wins face-off versus Jean-Gabriel Pageau in neutral zone.
3:34 of 1st period - Wrist shot by Michael Frolik.
3:34 of 1st period - Stopped by Semyon Varlamov with a rebound.
4:09 of 1st period - Wrist shot by Michael Frolik.
4:09 of 1st period - Stopped by Semyon Varlamov with a rebound.
4:34 of 1st period - Penalty to Dan Boyle is over, Dan Boyle is back on ice.
4:41 of 1st period - Wrist shot by Drew Doughty.
4:41 of 1st period - Deflect By Scott Gomez.
4:41 of 1st period - Stopped by Semyon Varlamov with a rebound.
4:43 of 1st period - Slapshot by Scott Gomez.
4:43 of 1st period - Deflect By Simon Gagné.
4:43 of 1st period - Stopped by Semyon Varlamov without a rebound.
4:44 of 1st period - Bryan Little wins face-off versus Scott Gomez in Avalanche zone.
4:53 of 1st period - Wrist shot by Bryan Little.
4:53 of 1st period - Stopped by Frederik Andersen without a rebound.
4:54 of 1st period - Bryan Little wins face-off versus Michael Frolik in Kings zone.
4:55 of 1st period - Wrist shot by Mikkel Boedker.
4:55 of 1st period - Shot Misses the Net.
4:57 of 1st period - Snap shot by Jack Johnson.
4:57 of 1st period - Stopped by Frederik Andersen without a rebound.
4:58 of 1st period - Anze Kopitar wins face-off versus Bryan Little in Kings zone.
4:58 of 1st period - Anze Kopitar is hit by Corey Perry.
5:30 of 1st period - Wrist shot by Andrew Ladd.
5:30 of 1st period - Stopped by Frederik Andersen with a rebound.
5:50 of 1st period - Wrist shot by Paul Stastny.
5:50 of 1st period - Shot Blocked by Radko Gudas.
6:13 of 1st period - Slapshot by Johnny Boychuk.
6:13 of 1st period - Stopped by Frederik Andersen without a rebound.
6:14 of 1st period - Chris Drury wins face-off versus Johnny Gaudreau in Kings zone.
6:23 of 1st period - Wrist shot by Michael Frolik.
6:23 of 1st period - Stopped by Semyon Varlamov without a rebound.
6:24 of 1st period - Anze Kopitar wins face-off versus Chris Drury in Avalanche zone.
6:35 of 1st period - Slapshot by Anze Kopitar.
6:35 of 1st period - Stopped by Semyon Varlamov with a rebound.
6:37 of 1st period - Slapshot by Drew Doughty.
6:37 of 1st period - Stopped by Semyon Varlamov with a rebound.
6:39 of 1st period - Slapshot by Drew Doughty.
6:39 of 1st period - Stopped by Semyon Varlamov with a rebound.
6:41 of 1st period - Snap shot by Michael Frolik.
6:41 of 1st period - Stopped by Semyon Varlamov without a rebound.
6:42 of 1st period - Jean-Gabriel Pageau wins face-off versus Paul Stastny in Avalanche zone.
9:16 of 1st period - Snap shot by Chuck Kobasew.
9:16 of 1st period - Stopped by Frederik Andersen with a rebound.
9:37 of 1st period - Wrist shot by Paul Stastny.
9:37 of 1st period - Stopped by Frederik Andersen with a rebound.
9:59 of 1st period - Snap shot by Michal Handzus.
9:59 of 1st period - Shot Misses the Net.
10:34 of 1st period - Snap shot by Chuck Kobasew.
10:34 of 1st period - Shot Misses the Net.
10:36 of 1st period - Wrist shot by Ryan Smyth.
10:36 of 1st period - Stopped by Frederik Andersen with a rebound.
10:38 of 1st period - Slapshot by Jay Bouwmeester.
10:38 of 1st period - Stopped by Frederik Andersen with a rebound.
10:40 of 1st period - Snap shot by Ryan Smyth.
10:40 of 1st period - Stopped by Frederik Andersen with a rebound.
11:22 of 1st period - Wrist shot by Patric Hornqvist.
11:22 of 1st period - Stopped by Semyon Varlamov without a rebound.
11:23 of 1st period - Bryan Little wins face-off versus Jean-Gabriel Pageau in Avalanche zone.
11:38 of 1st period - Backhand shot by Mikkel Boedker.
11:38 of 1st period - Stopped by Frederik Andersen without a rebound.
11:39 of 1st period - Anze Kopitar wins face-off versus Paul Stastny in Kings zone.
11:39 of 1st period - Johnny Gaudreau is hit by Brandon Yip and loses puck.
12:05 of 1st period - Patric Hornqvist is hit by Bryan Little and loses puck.
12:12 of 1st period - Corey Perry is hit by Rostislav Olesz and loses puck.
12:55 of 1st period - Wrist shot by Simon Gagné.
12:55 of 1st period - Shot Misses the Net.
13:05 of 1st period - Snap shot by Michael Frolik.
13:05 of 1st period - Stopped by Semyon Varlamov with a rebound.
13:07 of 1st period - Slapshot by Dave Tanabe.
13:07 of 1st period - Stopped by Semyon Varlamov without a rebound.
13:08 of 1st period - Anze Kopitar wins face-off versus Chris Drury in Avalanche zone.
13:15 of 1st period - Snap shot by Johnny Gaudreau.
13:15 of 1st period - Deflect By Anze Kopitar.
13:15 of 1st period - Stopped by Semyon Varlamov without a rebound.
13:16 of 1st period - Paul Stastny wins face-off versus Jean-Gabriel Pageau in Avalanche zone.
14:03 of 1st period - Backhand shot by Dan Boyle.
14:03 of 1st period - Goal by Dan Boyle - Kings : 0 - Avalanche : 2.
14:04 of 1st period - Jean-Gabriel Pageau wins face-off versus Paul Stastny in neutral zone.
14:11 of 1st period - Snap shot by Patric Hornqvist.
14:11 of 1st period - Stopped by Semyon Varlamov without a rebound.
14:12 of 1st period - Paul Stastny wins face-off versus Jean-Gabriel Pageau in Avalanche zone.
14:19 of 1st period - Patric Hornqvist is hit by Paul Stastny and loses puck.
14:38 of 1st period - Off-side.
14:39 of 1st period - Anze Kopitar wins face-off versus Chris Drury in neutral zone.
15:04 of 1st period - Bryan Little is hit by Rostislav Olesz and loses puck.
15:21 of 1st period - Minor Penalty to Steve Montador for Cross-checking.
15:22 of 1st period - Simon Gagné wins face-off versus Bryan Little in Kings zone.
15:43 of 1st period - Minor Penalty to Mikkel Boedker for Delaying the game.
15:44 of 1st period - Bryan Little wins face-off versus Anze Kopitar in Avalanche zone.
16:59 of 1st period - Icing by Dave Tanabe.
17:00 of 1st period - Anze Kopitar wins face-off versus Alexander Radulov in Kings zone.
17:21 of 1st period - Penalty to Steve Montador is over, Steve Montador is back on ice.
17:43 of 1st period - Penalty to Mikkel Boedker is over, Mikkel Boedker is back on ice.
18:09 of 1st period - Slapshot by Drew Doughty.
18:09 of 1st period - Shot Blocked by Mikkel Boedker.
18:11 of 1st period - Snap shot by Steve Montador.
18:11 of 1st period - Stopped by Semyon Varlamov without a rebound.
18:12 of 1st period - Paul Stastny wins face-off versus Scott Gomez in Avalanche zone.
18:39 of 1st period - Radko Gudas is hit by Marc Staal and loses puck.
18:54 of 1st period - Corey Perry is hit by Dave Tanabe and loses puck.
19:14 of 1st period - Icing by Johnny Boychuk.
19:15 of 1st period - Alexander Radulov wins face-off versus Anze Kopitar in Avalanche zone.
19:54 of 1st period - Icing by Drew Doughty.
19:55 of 1st period - Scott Gomez wins face-off versus Kyle Turris in Kings zone.
Goals for this period are 0 for Kings vs 2 for Avalanche.
Shots for this period are 16 for Kings vs 13 for Avalanche.
2nd period
0:01 of 2nd period - Paul Stastny wins face-off versus Anze Kopitar in neutral zone.
0:06 of 2nd period - Snap shot by Paul Stastny.
0:06 of 2nd period - Stopped by Frederik Andersen with a rebound.
0:08 of 2nd period - Wrist shot by Andrei Kostitsyn.
0:08 of 2nd period - Shot Blocked by Dave Tanabe.
0:10 of 2nd period - Slapshot by Pernell Karl Subban.
0:10 of 2nd period - Stopped by Frederik Andersen with a rebound.
0:12 of 2nd period - Slapshot by Pernell Karl Subban.
0:12 of 2nd period - Stopped by Frederik Andersen with a rebound.
0:14 of 2nd period - Snap shot by Paul Stastny.
0:14 of 2nd period - Stopped by Frederik Andersen with a rebound.
0:16 of 2nd period - Slapshot by Pernell Karl Subban.
0:16 of 2nd period - Shot Blocked by Steve Montador.
1:16 of 2nd period - Wrist shot by Bryan Little.
1:16 of 2nd period - Stopped by Frederik Andersen with a rebound.
1:18 of 2nd period - Snap shot by Bryan Little.
1:18 of 2nd period - Shot Blocked by Michael Haley.
2:24 of 2nd period - Wrist shot by Alexander Radulov.
2:24 of 2nd period - Deflect By Chris Drury.
2:24 of 2nd period - Stopped by Frederik Andersen with a rebound.
2:26 of 2nd period - Snap shot by Alexander Radulov.
2:26 of 2nd period - Shot Blocked by Radko Gudas.
3:02 of 2nd period - Jean-Gabriel Pageau is hit by Mikkel Boedker.
3:39 of 2nd period - Minor Penalty to Radko Gudas for Slashing.
3:40 of 2nd period - Paul Stastny wins face-off versus Simon Gagné in Kings zone.
3:52 of 2nd period - Snap shot by Andrei Kostitsyn.
3:52 of 2nd period - Deflect By Paul Stastny.
3:52 of 2nd period - Shot Misses the Net.
3:52 of 2nd period - Puck is out of play.
3:53 of 2nd period - Simon Gagné wins face-off versus Bryan Little in Kings zone.
4:34 of 2nd period - Michal Handzus is hit by Dan Boyle and loses puck.
4:51 of 2nd period - Jack Johnson is hit by Drew Doughty and loses puck.
5:04 of 2nd period - Jack Johnson is hit by Michael Haley and loses puck.
5:11 of 2nd period - Dan Boyle is hit by Drew Doughty and loses puck.
5:39 of 2nd period - Penalty to Radko Gudas is over, Radko Gudas is back on ice.
6:12 of 2nd period - Minor Penalty to Andrew Ladd for Hooking.
6:13 of 2nd period - Anze Kopitar wins face-off versus Alexander Radulov in Avalanche zone.
6:39 of 2nd period - Minor Penalty to Anze Kopitar for Goalie Interference.
6:40 of 2nd period - Bryan Little wins face-off versus Johnny Gaudreau in Kings zone.
8:12 of 2nd period - Penalty to Andrew Ladd is over, Andrew Ladd is back on ice.
8:39 of 2nd period - Penalty to Anze Kopitar is over, Anze Kopitar is back on ice.
8:59 of 2nd period - Drew Doughty is hit by Pernell Karl Subban and loses puck.
9:06 of 2nd period - Wrist shot by Jack Johnson.
9:06 of 2nd period - Shot Blocked by Jon Merrill.
9:25 of 2nd period - Off-side.
9:26 of 2nd period - Paul Stastny wins face-off versus Anze Kopitar in neutral zone.
9:29 of 2nd period - Slapshot by Dan Boyle.
9:29 of 2nd period - Stopped by Frederik Andersen without a rebound.
9:30 of 2nd period - Anze Kopitar wins face-off versus Paul Stastny in Kings zone.
9:30 of 2nd period - Anze Kopitar is hit by Andrei Kostitsyn.
10:15 of 2nd period - Snap shot by Dave Tanabe.
10:15 of 2nd period - Deflect By Patric Hornqvist.
10:15 of 2nd period - Stopped by Semyon Varlamov without a rebound.
10:16 of 2nd period - Bryan Little wins face-off versus Jean-Gabriel Pageau in Avalanche zone.
10:27 of 2nd period - Slapshot by Corey Perry.
10:27 of 2nd period - Stopped by Frederik Andersen with a rebound.
10:29 of 2nd period - Wrist shot by Bryan Little.
10:29 of 2nd period - Goal by Bryan Little - Kings : 0 - Avalanche : 3.
10:30 of 2nd period - Paul Stastny wins face-off versus Anze Kopitar in neutral zone.
10:41 of 2nd period - Snap shot by Michael Frolik.
10:41 of 2nd period - Deflect By Johnny Gaudreau.
10:41 of 2nd period - Stopped by Semyon Varlamov with a rebound.
11:08 of 2nd period - Snap shot by Mikkel Boedker.
11:08 of 2nd period - Shot Misses the Net.
11:25 of 2nd period - Jack Johnson is hit by Drew Doughty and loses puck.
12:02 of 2nd period - Slapshot by Cam Janssen.
12:02 of 2nd period - Shot Misses the Net.
12:29 of 2nd period - Off-side.
12:30 of 2nd period - Anze Kopitar wins face-off versus Chris Drury in neutral zone.
12:56 of 2nd period - Pernell Karl Subban is hit by Patric Hornqvist and loses puck.
13:41 of 2nd period - Dave Tanabe is hit by Ryan Smyth and loses puck.
14:28 of 2nd period - Snap shot by Paul Stastny.
14:28 of 2nd period - Stopped by Frederik Andersen without a rebound.
14:29 of 2nd period - Anze Kopitar wins face-off versus Corey Perry in Kings zone.
14:29 of 2nd period - Anze Kopitar is hit by Jack Johnson.
14:48 of 2nd period - Minor Penalty to Bryan Little for Roughing.
14:49 of 2nd period - Johnny Gaudreau wins face-off versus Andrew Ladd in Avalanche zone.
14:49 of 2nd period - Snap shot by Anze Kopitar.
14:49 of 2nd period - Stopped by Semyon Varlamov without a rebound.
14:50 of 2nd period - Chuck Kobasew wins face-off versus Anze Kopitar in Avalanche zone.
16:09 of 2nd period - Snap shot by Andrei Kostitsyn.
16:09 of 2nd period - Deflect By Alexander Radulov.
16:09 of 2nd period - Shot Misses the Net.
16:09 of 2nd period - Puck is out of play.
16:10 of 2nd period - Andrew Ladd wins face-off versus Anze Kopitar in Kings zone.
16:21 of 2nd period - Chuck Kobasew is hit by Patric Hornqvist and loses puck.
16:32 of 2nd period - Minor Penalty to Jean-Gabriel Pageau for Close Hand On Puck.
16:33 of 2nd period - Andrei Kostitsyn wins face-off versus Anze Kopitar in Kings zone.
16:40 of 2nd period - Snap shot by Corey Perry.
16:40 of 2nd period - Stopped by Frederik Andersen without a rebound.
16:41 of 2nd period - Anze Kopitar wins face-off versus Andrei Kostitsyn in Kings zone.
16:48 of 2nd period - Penalty to Bryan Little is over, Bryan Little is back on ice.
17:04 of 2nd period - Snap shot by Anze Kopitar.
17:04 of 2nd period - Shot Misses the Net.
17:06 of 2nd period - Wrist shot by Jon Merrill.
17:06 of 2nd period - Deflect By Michael Frolik.
17:06 of 2nd period - Shot Blocked by Jack Johnson.
17:06 of 2nd period - Puck is out of play.
17:07 of 2nd period - Simon Gagné wins face-off versus Bryan Little in Avalanche zone.
18:32 of 2nd period - Penalty to Jean-Gabriel Pageau is over, Jean-Gabriel Pageau is back on ice.
18:44 of 2nd period - Wrist shot by Johnny Gaudreau.
18:44 of 2nd period - Stopped by Semyon Varlamov with a rebound.
18:50 of 2nd period - Jean-Gabriel Pageau is hit by Jay Bouwmeester and loses puck.
19:34 of 2nd period - Wrist shot by Kyle Turris.
19:34 of 2nd period - Stopped by Frederik Andersen without a rebound.
19:35 of 2nd period - Paul Stastny wins face-off versus Jean-Gabriel Pageau in Kings zone.
19:50 of 2nd period - Backhand shot by Jay Bouwmeester.
19:50 of 2nd period - Stopped by Frederik Andersen without a rebound.
19:51 of 2nd period - Anze Kopitar wins face-off versus Bryan Little in Kings zone.
Goals for this period are 0 for Kings vs 1 for Avalanche.
Shots for this period are 4 for Kings vs 13 for Avalanche.
3rd period
0:01 of 3rd period - Anze Kopitar wins face-off versus Paul Stastny in neutral zone.
0:47 of 3rd period - Slapshot by Mikkel Boedker.
0:47 of 3rd period - Shot Misses the Net.
0:49 of 3rd period - Slapshot by Johnny Boychuk.
0:49 of 3rd period - Stopped by Frederik Andersen without a rebound.
0:50 of 3rd period - Johnny Gaudreau wins face-off versus Bryan Little in Kings zone.
0:52 of 3rd period - Icing by Steve Montador.
0:53 of 3rd period - Paul Stastny wins face-off versus Anze Kopitar in Kings zone.
1:42 of 3rd period - Snap shot by Andrew Ladd.
1:42 of 3rd period - Stopped by Frederik Andersen without a rebound.
1:43 of 3rd period - Scott Gomez wins face-off versus Chris Drury in Kings zone.
1:43 of 3rd period - Scott Gomez is hit by Pernell Karl Subban.
2:15 of 3rd period - Snap shot by Patrick Eaves.
2:15 of 3rd period - Shot Misses the Net.
2:17 of 3rd period - Wrist shot by Patrick Eaves.
2:17 of 3rd period - Deflect By Scott Gomez.
2:17 of 3rd period - Stopped by Semyon Varlamov with a rebound.
2:19 of 3rd period - Snap shot by Raphael Diaz.
2:19 of 3rd period - Shot Hit the Post.
2:21 of 3rd period - Slapshot by Radko Gudas.
2:21 of 3rd period - Shot Blocked by Alexander Radulov.
2:23 of 3rd period - Slapshot by Raphael Diaz.
2:23 of 3rd period - Shot Blocked by Jay Bouwmeester.
2:25 of 3rd period - Wrist shot by Patrick Eaves.
2:25 of 3rd period - Shot Misses the Net.
2:27 of 3rd period - Snap shot by Simon Gagné.
2:27 of 3rd period - Goal by Simon Gagné - Kings : 1 - Avalanche : 3.
2:28 of 3rd period - Paul Stastny wins face-off versus Anze Kopitar in neutral zone.
2:36 of 3rd period - Jon Merrill is hit by Andrei Kostitsyn and loses puck.
3:01 of 3rd period - Off-side.
3:02 of 3rd period - Jean-Gabriel Pageau wins face-off versus Bryan Little in neutral zone.
3:20 of 3rd period - Minor Penalty to Jean-Gabriel Pageau for Hooking.
3:21 of 3rd period - Bryan Little wins face-off versus Simon Gagné in Kings zone.
5:20 of 3rd period - Penalty to Jean-Gabriel Pageau is over, Jean-Gabriel Pageau is back on ice.
5:29 of 3rd period - Slapshot by Rostislav Olesz.
5:29 of 3rd period - Shot Misses the Net.
5:31 of 3rd period - Slapshot by Radko Gudas.
5:31 of 3rd period - Stopped by Semyon Varlamov with a rebound.
5:33 of 3rd period - Wrist shot by Patric Hornqvist.
5:33 of 3rd period - Shot Misses the Net.
5:37 of 3rd period - Wrist shot by Rostislav Olesz.
5:37 of 3rd period - Shot Misses the Net.
6:09 of 3rd period - Brandon Yip is hit by Michael Frolik and loses puck.
7:02 of 3rd period - Paul Stastny is hit by Steve Montador and loses puck.
7:15 of 3rd period - Michael Frolik is hit by Chuck Kobasew and loses puck.
8:19 of 3rd period - Jon Merrill is hit by Paul Stastny and loses puck.
8:28 of 3rd period - Johnny Boychuk is hit by Raphael Diaz and loses puck.
9:27 of 3rd period - Chuck Kobasew is hit by Michael Haley.
9:55 of 3rd period - Off-side.
9:56 of 3rd period - Anze Kopitar wins face-off versus Bryan Little in neutral zone.
10:23 of 3rd period - Brandon Yip is hit by Jean-Gabriel Pageau and loses puck.
10:28 of 3rd period - Slapshot by Drew Doughty.
10:28 of 3rd period - Deflect By Rostislav Olesz.
10:28 of 3rd period - Stopped by Semyon Varlamov with a rebound.
10:30 of 3rd period - Snap shot by Rostislav Olesz.
10:30 of 3rd period - Stopped by Semyon Varlamov without a rebound.
10:31 of 3rd period - Paul Stastny wins face-off versus Jean-Gabriel Pageau in Avalanche zone.
10:31 of 3rd period - Paul Stastny is hit by Jean-Gabriel Pageau.
10:45 of 3rd period - Brandon Yip is hit by Steve Montador and loses puck.
10:56 of 3rd period - Steve Montador is hit by Mikkel Boedker and loses puck.
11:19 of 3rd period - Anze Kopitar is hit by Marc Staal and loses puck.
11:26 of 3rd period - Slapshot by Kyle Turris.
11:26 of 3rd period - Deflect By Ryan Smyth.
11:26 of 3rd period - Stopped by Frederik Andersen with a rebound.
11:42 of 3rd period - Snap shot by Michael Frolik.
11:42 of 3rd period - Stopped by Semyon Varlamov without a rebound.
11:43 of 3rd period - Chris Drury wins face-off versus Jean-Gabriel Pageau in Avalanche zone.
12:08 of 3rd period - Rostislav Olesz is hit by Dan Boyle and loses puck.
12:21 of 3rd period - Slapshot by Patric Hornqvist.
12:21 of 3rd period - Stopped by Semyon Varlamov with a rebound.
12:23 of 3rd period - Snap shot by Jean-Gabriel Pageau.
12:23 of 3rd period - Shot Blocked by Bryan Little.
12:25 of 3rd period - Wrist shot by Rostislav Olesz.
12:25 of 3rd period - Shot Blocked by Corey Perry.
12:35 of 3rd period - Snap shot by Rostislav Olesz.
12:35 of 3rd period - Shot Misses the Net.
12:37 of 3rd period - Snap shot by Patric Hornqvist.
12:37 of 3rd period - Goal by Patric Hornqvist - Kings : 2 - Avalanche : 3.
12:38 of 3rd period - Anze Kopitar wins face-off versus Paul Stastny in neutral zone.
12:41 of 3rd period - Andrei Kostitsyn is hit by Anze Kopitar and loses puck.
12:46 of 3rd period - Slapshot by Johnny Gaudreau.
12:46 of 3rd period - Shot Misses the Net.
12:48 of 3rd period - Slapshot by Anze Kopitar.
12:48 of 3rd period - Stopped by Semyon Varlamov with a rebound.
12:50 of 3rd period - Slapshot by Anze Kopitar.
12:50 of 3rd period - Shot Blocked by Jay Bouwmeester.
12:52 of 3rd period - Snap shot by Johnny Gaudreau.
12:52 of 3rd period - Stopped by Semyon Varlamov with a rebound.
12:54 of 3rd period - Slapshot by Dave Tanabe.
12:54 of 3rd period - Shot Misses the Net.
14:38 of 3rd period - Pernell Karl Subban is hit by Simon Gagné and loses puck.
15:31 of 3rd period - Minor Penalty to Anze Kopitar for Tripping.
15:32 of 3rd period - Bryan Little wins face-off versus Simon Gagné in Kings zone.
17:31 of 3rd period - Penalty to Anze Kopitar is over, Anze Kopitar is back on ice.
18:54 of 3rd period - Kings, Frederik Andersen is pulled from the net.
18:56 of 3rd period - Backhand shot by Drew Doughty.
18:56 of 3rd period - Shot Blocked by Dan Boyle.
18:58 of 3rd period - Snap shot by Anze Kopitar.
18:58 of 3rd period - Shot Misses the Net.
19:00 of 3rd period - Snap shot by Patric Hornqvist.
19:00 of 3rd period - Stopped by Semyon Varlamov without a rebound.
19:01 of 3rd period - Paul Maurice call a timeout for Kings.
19:01 of 3rd period - Patric Hornqvist wins face-off versus Chris Drury in Avalanche zone.
19:02 of 3rd period - Snap shot by Johnny Gaudreau.
19:02 of 3rd period - Deflect By Patric Hornqvist.
19:02 of 3rd period - Shot Misses the Net.
19:02 of 3rd period - Puck is out of play.
19:03 of 3rd period - Anze Kopitar wins face-off versus Chris Drury in Avalanche zone.
19:10 of 3rd period - Snap shot by Anze Kopitar.
19:10 of 3rd period - Shot Misses the Net.
19:13 of 3rd period - Icing by Marc Staal.
19:14 of 3rd period - Andrew Ladd wins face-off versus Anze Kopitar in Avalanche zone.
19:45 of 3rd period - Johnny Gaudreau is hit by Chris Drury and loses puck.
Goals for this period are 2 for Kings vs 0 for Avalanche.
Shots for this period are 11 for Kings vs 3 for Avalanche.
Back to the Top